 Dungeon Crawl Stone Soup version 0.21.1-1-g345015f (webtiles) character file.

39 inc the Cudgeler (level 3, 14/29 HPs)
             Began as a Demonspawn Gladiator on Mar 14, 2018.
             Quit the game on level 2 of the Dungeon.
             The game lasted 00:02:24 (1234 turns).

inc the Cudgeler (Demonspawn Gladiator)             Turns: 1234, Time: 00:02:24

Health: 14/29      AC:  7    Str: 15    XL:     3   Next: 28%
Magic:  3/3        EV: 11    Int:  9    God:
Gold:   62         SH:  0    Dex: 14    Spells: 2/2 levels left

rFire    . . .     SeeInvis .   a - +0 flail
rCold    . . .     Gourm    .   (no shield)
rNeg     . . .     Faith    .   l - -1 ring mail
rPois    .         Spirit   .   c - +0 helmet
rElec    .         Reflect  .   (no cloak)
rCorr    .         Harm     .   (no gloves)
MR       .....                  (no boots)
Stlth    ..........             (no amulet)
HPRegen  0.09/turn              (no ring)
MPRegen  0.08/turn              (no ring)

@: drained
A: hooves 1, yellow scales 1, robust 1, wild magic 1
a: no special abilities


You were on level 2 of the Dungeon.
You were not hungry.

You visited 1 branch of the dungeon, and saw 2 of its levels.

You collected 62 gold pieces.

Inventory:

Hand Weapons
 a - a +0 flail (weapon)
Missiles
 d - 3 throwing nets (quivered)
Armour
 b - a +0 leather armour
 c - a +0 helmet (worn)
 l - a -1 ring mail (worn)
Scrolls
 e - a scroll of magic mapping {unknown}
 h - a scroll of identify {unknown}
Comestibles
 f - 4 rations
 g - 2 chunks of flesh


   Skills:
 - Level 2.0(1.9) Fighting
 + Level 4.0 Maces & Flails
 - Level 1.7 Throwing
 - Level 2.6 Dodging


You had 2 spell levels left.
You didn't know any spells.

Dungeon Overview and Level Annotations

Branches:
Dungeon (2/15)

Altars:


Innate Abilities, Weirdness & Mutations

You have large cloven feet.
You are partially covered in yellow scales. (AC +2)
You are robust. (+10% HP)
Your spells are a little harder to cast, but a little more powerful.


Message History

You see here an adder corpse.
You butcher the adder corpse.
g - 2 chunks of flesh
Okay, then.
You start resting.
You are starting to lose your buoyancy.
You start resting.
You float gracefully downwards.
You start resting.
Unknown command.
An orc is nearby!
The orc shouts!
You are too injured to fight recklessly!
You are too injured to fight recklessly!
You are too injured to fight recklessly!
You are too injured to fight recklessly!
You thump the orc!
You kill the orc!
You see here a flail of protection.
Are you sure you want to abandon this character and quit the game? (Confirm with "yes".)

#......# #.####.#
######.# #.#
#####......# #.#
#.......#.## #.#
#.###.#.#.# #.#
#.###...#(+ #.#
#.#.......# #.#
#.#.#.....## #@#
##.###.#.....# #.#
.............# #.#
.#.....>.........#
.##........###.###
.<........... .#
#.........####
..#######..# .##


ooo# #.# There were no monsters in sight!

Vanquished Creatures
  An adder (D:2)
  A worm (D:2)
  A leopard gecko (D:1)
  An orc (D:2)
  3 bats
  2 giant cockroaches (D:1)
  3 hobgoblins (D:1)
  2 kobolds (D:1)
  A ball python (D:1)
  3 frilled lizards (D:1)
  4 goblins (D:1)
  4 rats
26 creatures vanquished.

Notes
Turn   | Place    | Note
-------+----------+-------------------------------------------
     0 | D:1      | inc the Demonspawn Gladiator began the quest for the Orb.
     0 | D:1      | Reached XP level 1. HP: 16/16 MP: 1/1
   102 | D:1      | Reached skill level 3 in Maces & Flails
   228 | D:1      | Gained mutation: You are partially covered in yellow scales. (AC +2) [demonic ancestry]
   228 | D:1      | Reached XP level 2. HP: 20/22 MP: 2/2
  1007 | D:2      | Gained mutation: You have large cloven feet. [demonic ancestry]
  1007 | D:2      | Reached XP level 3. HP: 21/27 MP: 3/3
  1120 | D:2      | Gained mutation: You are robust. (+10% HP) [potion of mutation]
  1120 | D:2      | Gained mutation: Your spells are a little harder to cast, but a little more powerful. [potion of mutation]
  1123 | D:2      | Reached skill level 4 in Maces & Flails
  1234 | D:2      | Quit the game

Skill      XL: |  1  2  3 |
---------------+----------+-----
Maces & Flails | 3 4 |  4.0
Fighting       | |  2.0
Throwing       | |  1.7
Dodging        | |  2.6

Action                   || total
-------------------------++-------
Melee: Flail             ||    88
       Kick              ||     2
  Use: Scroll            ||     1
       Potion            ||     3
  Eat: Chunk             ||     1
Armor: Leather armour    ||    19
       Ring mail         ||     5
Dodge: Dodged            ||    68
